[Event "NOR-ch Various 2019"]
[Site "Larvik"]
[Date "2019.07.09"]
[Round "5.33"]
[White "Moen, Ole Christian"]
[Black "Laverton, Christian"]
[Result "0-1"]
[ECO "B48"]
[WhiteElo "2234"]
[BlackElo "2115"]
[Annotator "NA"]
[PlyCount "91"]
[EventDate "2019.07.06"]
[EventType "swiss"]
[EventCountry "NOR"]
[SourceTitle "playchess.com"]
[Source "ChessBase"]
[SourceQuality "1"]
[TimeControl "40/5400+30:1800+30"]

1. e4 c5 2. Nf3 e6 3. d4 cxd4 4. Nxd4 Nc6 5. Nc3 Qc7 6. Nb3 Nf6 7. Bd3 a6 8. Be3 b5 9. a4 b4 10. Ne2 d5 11. Bf4 Bd6 12. Bxd6 Qxd6 13. exd5 Qxd5 14. O-O O-O 15. Re1 Bb7 16. Nf4 Qg5 17. g3 Rad8 18. h4 Qh6 19. Nh3 e5 20. Nc5 Ba8 21. Ng5 Rd5 22. Nxa6 Bb7 23. Nc7 Rd7 24. Nb5 Re8 25. Nxh7 e4 26. Nxf6+ Qxf6 27. Qh5 Ne5 28. Rxe4 Bxe4 29. Bxe4 g6 30. Qe2 Red8 31. Rf1 Rd2 32. Qe3 Nc4 33. Qb3 Nxb2 34. Qxb4 Nd1 35. Qc5 Qe6 36. Bf3 Nxf2 37. Qxf2 Rxf2 38. Rxf2 Qh3 39. Rg2 Qf5 40. Rf2 Qc5 41. Kg2 Re8 42. c3 Re1 43. Nd4 Qxc3 44. Ne2 Qb3 45. Rf1 Rxf1 46. Kxf1 0-1

[Event "NOR-ch Various 2019"]
[Site "Larvik"]
[Date "2019.07.09"]
[Round "5.34"]
[White "Demac, Elias"]
[Black "Machlik, Monika"]
[Result "1-0"]
[ECO "A45"]
[WhiteElo "2215"]
[BlackElo "2083"]
[Annotator "NA"]
[PlyCount "111"]
[EventDate "2019.07.06"]
[EventType "swiss"]
[EventCountry "NOR"]
[SourceTitle "playchess.com"]
[Source "ChessBase"]
[SourceQuality "1"]
[TimeControl "40/5400+30:1800+30"]

1. d4 Nf6 2. Bg5 e6 3. e4 h6 4. Bxf6 Qxf6 5. c3 d6 6. Nd2 e5 7. Ngf3 c6 8. Nc4 Nd7 9. g3 Be7 10. Bh3 exd4 11. cxd4 d5 12. e5 Qg6 13. Ne3 Bb4+ 14. Kf1 Nb6 15. Bxc8 Rxc8 16. Qb1 Qxb1+ 17. Rxb1 O-O 18. Kg2 Rfd8 19. Rhc1 Bf8 20. b4 Na8 21. a4 Nc7 22. Nc2 Ne6 23. Nce1 Rc7 24. Nd3 b6 25. Rc2 c5 26. bxc5 bxc5 27. dxc5 Nxc5 28. Nxc5 Rxc5 29. Rxc5 Bxc5 30. Ne1 Bd4 31. Nd3 a5 32. Rb5 Bc3 33. f4 d4 34. Kf3 Rc8 35. f5 Kf8 36. Ke4 Rd8 37. Rb7 Bb4 38. g4 Ba3 39. Ra7 Bb4 40. h4 Bc3 41. g5 hxg5 42. hxg5 Rb8 43. e6 fxe6 44. fxe6 Bb4 45. Ne5 Re8 46. Kf5 Kg8 47. Rd7 Bc5 48. Nc6 Kf8 49. g6 Rc8 50. e7+ Bxe7 51. Nxe7 Ke8 52. Nxc8 Kxd7 53. Nb6+ Kc6 54. Nc4 Kc5 55. Nxa5 d3 56. Nb3+ 1-0

[Event "NOR-ch Various 2019"]
[Site "Larvik"]
[Date "2019.07.09"]
[Round "5.35"]
[White "Gulbrandsen, Tor"]
[Black "Martinsen, Stig K"]
[Result "0-1"]
[ECO "A87"]
[WhiteElo "2120"]
[BlackElo "2177"]
[Annotator "NA"]
[PlyCount "92"]
[EventDate "2019.07.06"]
[EventType "swiss"]
[EventCountry "NOR"]
[SourceTitle "playchess.com"]
[Source "ChessBase"]
[SourceQuality "1"]
[TimeControl "40/5400+30:1800+30"]

1. c4 f5 2. g3 Nf6 3. Bg2 g6 4. Nf3 Bg7 5. Nc3 O-O 6. O-O d6 7. d4 Qe8 8. b3 e5 9. dxe5 dxe5 10. Ba3 Rf7 11. Qc2 Nc6 12. Rad1 h6 13. e3 e4 14. Nd4 Ne5 15. Nd5 Kh7 16. Qe2 c6 17. Nxf6+ Bxf6 18. h4 Rg7 19. Rd2 g5 20. hxg5 hxg5 21. f4 gxf4 22. exf4 Ng4 23. Bf3 Bd7 24. Bxg4 Rxg4 25. Qh2+ Kg6 26. Ne2 Qf7 27. Rd6 Be6 28. Rfd1 Rh8 29. Qxh8 Bxh8 30. Rxe6+ Qxe6 31. Rd6 Kf7 32. Rxe6 Kxe6 33. Kf2 Rg8 34. Bc5 a6 35. a4 Rd8 36. b4 Rd3 37. b5 Kd7 38. bxa6 bxa6 39. Bb6 Bc3 40. a5 Rf3+ 41. Kg2 Rd3 42. Kf2 Bb4 43. Kg2 c5 44. g4 fxg4 45. f5 Rf3 46. Ng3 e3 0-1

[Event "NOR-ch Various 2019"]
[Site "Larvik"]
[Date "2019.07.09"]
[Round "5.36"]
[White "Fossan, Aleksander"]
[Black "Skagseth, Havard M"]
[Result "1-0"]
[ECO "B14"]
[WhiteElo "2155"]
[BlackElo "2002"]
[Annotator "NA"]
[PlyCount "87"]
[EventDate "2019.07.06"]
[EventType "swiss"]
[EventCountry "NOR"]
[SourceTitle "playchess.com"]
[Source "ChessBase"]
[SourceQuality "1"]
[TimeControl "40/5400+30:1800+30"]

1. e4 c5 2. c3 g6 3. d4 cxd4 4. cxd4 d5 5. exd5 Nf6 6. Nc3 Nxd5 7. Qb3 Nb6 8. d5 Bg7 9. Be3 O-O 10. Rd1 Bf5 11. Be2 Bc8 12. Nf3 N8d7 13. O-O Nf6 14. h3 Ne8 15. Nb5 a6 16. Na3 Nd7 17. Nd4 Nd6 18. Nc4 Nxc4 19. Bxc4 Nf6 20. Rfe1 Qd7 21. a4 Ne4 22. Be2 Nd6 23. Bg5 Re8 24. Bf3 h6 25. Bh4 Qd8 26. Qe3 Bxd4 27. Qxd4 Nf5 28. Qb4 g5 29. Bg3 Nxg3 30. fxg3 b5 31. d6 Ra7 32. dxe7 Qb6+ 33. Kh2 Be6 34. Rd6 Qc7 35. Rdxe6 fxe6 36. Rxe6 Rxe7 37. Rxh6 Qc1 38. Qd4 Rh7 39. Bd5+ Kf8 40. Qf6+ Raf7 41. Bxf7 Rxh6 42. Bg6+ Kg8 43. Qf7+ Kh8 44. Qf8# 1-0

[Event "NOR-ch Various 2019"]
[Site "Larvik"]
[Date "2019.07.09"]
[Round "5.37"]
[White "Sorgjerd, Jan"]
[Black "Kristiansen, Willy M"]
[Result "1/2-1/2"]
[ECO "D37"]
[WhiteElo "2061"]
[BlackElo "2118"]
[Annotator "NA"]
[PlyCount "52"]
[EventDate "2019.07.06"]
[EventType "swiss"]
[EventCountry "NOR"]
[SourceTitle "playchess.com"]
[Source "ChessBase"]
[SourceQuality "1"]
[TimeControl "40/5400+30:1800+30"]

1. d4 d5 2. c4 e6 3. Nc3 Be7 4. Nf3 Nf6 5. e3 O-O 6. Be2 dxc4 7. Bxc4 c5 8. O-O a6 9. dxc5 Bxc5 10. Qe2 b5 11. Bd3 Bb7 12. Rd1 Qc7 13. h3 Nc6 14. a3 Ne5 15. e4 Nxd3 16. Rxd3 Rad8 17. Rxd8 Rxd8 18. Bg5 Be7 19. Rc1 Qd7 20. Rd1 Qe8 21. Rxd8 Qxd8 22. Bf4 h6 23. Nd2 Qc8 24. Qd3 Nd7 25. Qg3 Kf8 26. Bd6 Bxd6 1/2-1/2

[Event "NOR-ch Various 2019"]
[Site "Larvik"]
[Date "2019.07.09"]
[Round "5.38"]
[White "Kjoita, Torgeir"]
[Black "Aulin-Jansson, Joran"]
[Result "0-1"]
[ECO "B96"]
[WhiteElo "2012"]
[BlackElo "2223"]
[Annotator "NA"]
[PlyCount "116"]
[EventDate "2019.07.06"]
[EventType "swiss"]
[EventCountry "NOR"]
[SourceTitle "playchess.com"]
[Source "ChessBase"]
[SourceQuality "1"]
[TimeControl "40/5400+30:1800+30"]

1. e4 c5 2. Nf3 d6 3. d4 cxd4 4. Nxd4 Nf6 5. Nc3 a6 6. Bg5 e6 7. f4 h6 8. Bh4 Be7 9. g3 Qb6 10. Nb3 Nc6 11. Qd2 O-O 12. O-O-O a5 13. Bg2 a4 14. Nd4 a3 15. b3 Bd7 16. Rhe1 Rfc8 17. Nxc6 Bxc6 18. Nd5 Bxd5 19. exd5 Ra5 20. Qe3 Rac5 21. Rd2 Qc7 22. Ree2 Rc3 23. Qd4 e5 24. fxe5 dxe5 25. d6 exd4 26. dxc7 R8xc7 27. Bxf6 Bxf6 28. Re8+ Kh7 29. Be4+ g6 30. Kd1 Re3 31. Re2 Rec3 32. Bd3 Bg5 33. R2e4 Be3 34. R4e7 Kg7 35. Rxc7 Rxc7 36. Ke2 f5 37. Bc4 h5 38. h4 f4 39. gxf4 Bxf4 40. Kf3 Bd6 41. Rg8+ Kh7 42. Rd8 Be5 43. Rf8 b5 44. Bd3 b4 45. Ke4 Bg3 46. Kxd4 Bxh4 47. Rf1 Kh6 48. Bc4 Be7 49. Ke5 g5 50. Rf7 g4 51. Ke6 h4 52. Bd3 h3 53. Bf5 Rc6+ 54. Ke5 Rc5+ 55. Ke6 Rxf5 56. Rxf5 h2 57. Rf1 g3 58. Rh1 Bc5 0-1

[Event "NOR-ch Various 2019"]
[Site "Larvik"]
[Date "2019.07.09"]
[Round "5.39"]
[White "Rasmussen, Jonas H"]
[Black "Hagesather, Ellen"]
[Result "0-1"]
[ECO "A90"]
[WhiteElo "2017"]
[BlackElo "2193"]
[Annotator "NA"]
[PlyCount "84"]
[EventDate "2019.07.06"]
[EventType "swiss"]
[EventCountry "NOR"]
[SourceTitle "playchess.com"]
[Source "ChessBase"]
[SourceQuality "1"]
[TimeControl "40/5400+30:1800+30"]

1. d4 d5 2. Nf3 e6 3. g3 f5 4. Bg2 Nf6 5. O-O Bd6 6. c4 c6 7. b3 Qe7 8. Bb2 O-O 9. Ne5 b6 10. cxd5 exd5 11. Nd2 Bxe5 12. dxe5 Ng4 13. Nf3 Bb7 14. h3 Nh6 15. e3 Nd7 16. Rc1 Nf7 17. Qd4 Qe6 18. Qc3 c5 19. Rfd1 Rfe8 20. Ne1 Ng5 21. Nd3 d4 22. exd4 Bxg2 23. Nf4 Nxh3+ 24. Kxg2 Nxf4+ 25. gxf4 cxd4 26. Rxd4 Nc5 27. Rd6 Qe7 28. Qh3 Qb7+ 29. f3 g6 30. Rh1 Ne6 31. Kg3 Rac8 32. Rhd1 Rc7 33. Qf1 g5 34. fxg5 f4+ 35. Kh4 Rc2 36. R1d2 Rxd2 37. Rxd2 Qe7 38. Rg2 h6 39. Qc4 hxg5+ 40. Kg4 Qh7 41. Rg1 b5 42. Qf1 Ng7 0-1

[Event "NOR-ch Various 2019"]
[Site "Larvik"]
[Date "2019.07.09"]
[Round "5.41"]
[White "Mikalsen, Harald"]
[Black "Holleland, Sigve"]
[Result "0-1"]
[ECO "A25"]
[WhiteElo "1992"]
[BlackElo "2092"]
[Annotator "NA"]
[PlyCount "72"]
[EventDate "2019.07.06"]
[EventType "swiss"]
[EventCountry "NOR"]
[SourceTitle "playchess.com"]
[Source "ChessBase"]
[SourceQuality "1"]
[TimeControl "40/5400+30:1800+30"]

1. c4 e5 2. Nc3 Nc6 3. g3 Bc5 4. Bg2 d6 5. e3 Nge7 6. Nge2 a6 7. d4 Ba7 8. O-O h5 9. d5 Nb8 10. Qd3 h4 11. e4 hxg3 12. hxg3 Bg4 13. Be3 Bxe3 14. Qxe3 Qc8 15. f4 Nd7 16. b4 Nf6 17. c5 Bh3 18. f5 Ng4 19. Qf3 Nh2 20. Qe3 Nxf1 21. Rxf1 Bxg2 22. Kxg2 f6 23. Na4 Qd7 24. Qb3 Nc8 25. Rc1 g6 26. c6 bxc6 27. dxc6 Qf7 28. Qxf7+ Kxf7 29. fxg6+ Kxg6 30. Nac3 Ne7 31. Nd5 Nxd5 32. exd5 Rhb8 33. Rb1 f5 34. Nc3 Kf6 35. Kf3 e4+ 36. Kf4 Rg8 0-1

[Event "NOR-ch Various 2019"]
[Site "Larvik"]
[Date "2019.07.10"]
[Round "6.1"]
[White "Strand, Kjetil"]
[Black "Stake-Larsen, Gunnar"]
[Result "1-0"]
[ECO "B33"]
[WhiteElo "2035"]
[BlackElo "1976"]
[Annotator "NA"]
[PlyCount "73"]
[EventDate "2019.07.06"]
[EventType "swiss"]
[EventCountry "NOR"]
[SourceTitle "playchess.com"]
[Source "ChessBase"]
[SourceQuality "1"]
[TimeControl "40/5400+30:1800+30"]

1. e4 c5 2. Nf3 e6 3. d4 cxd4 4. Nxd4 Nf6 5. Nc3 Nc6 6. Ndb5 d6 7. Bf4 e5 8. Bg5 a6 9. Na3 b5 10. Bxf6 gxf6 11. Nd5 Bg7 12. c3 Ne7 13. Nc2 f5 14. a4 Rb8 15. axb5 axb5 16. exf5 Bxf5 17. Ncb4 Qd7 18. Na6 O-O 19. Nxb8 Rxb8 20. Nxe7+ Qxe7 21. Qf3 Bg6 22. Qd5 e4 23. Ra8 Rd8 24. Bxb5 Be5 25. O-O Rxa8 26. Qxa8+ Kg7 27. f4 exf3 28. Qxf3 Qh4 29. g3 Qg5 30. Bc4 f6 31. Kg2 Qd2+ 32. Rf2 Qg5 33. h4 Qh6 34. Qd5 Qe3 35. Qg8+ Kh6 36. Qf8+ Kh5 37. Be2+ 1-0

[Event "NOR-ch Various 2019"]
[Site "Larvik"]
[Date "2019.07.10"]
[Round "6.2"]
[White "Skogheim, Ole Morten"]
[Black "Smeby, Ole"]
[Result "0-1"]
[ECO "B01"]
[WhiteElo "1968"]
[BlackElo "1887"]
[Annotator "NA"]
[PlyCount "124"]
[EventDate "2019.07.06"]
[EventType "swiss"]
[EventCountry "NOR"]
[SourceTitle "playchess.com"]
[Source "ChessBase"]
[SourceQuality "1"]
[TimeControl "40/5400+30:1800+30"]

1. e4 d5 2. exd5 Qxd5 3. Nc3 Qa5 4. d4 Nf6 5. Bc4 Bf5 6. Bd2 c6 7. Nf3 e6 8. Nd5 Qd8 9. Nxf6+ gxf6 10. c3 Nd7 11. Qe2 Nb6 12. Nh4 Nxc4 13. Qxc4 Bg6 14. Nxg6 hxg6 15. O-O-O Qd5 16. Qxd5 cxd5 17. h3 b5 18. Kc2 Kd7 19. Rhe1 Bd6 20. Re3 Bf4 21. Rf3 Bxd2 22. Kxd2 f5 23. a4 a6 24. a5 Rac8 25. Re3 Rh4 26. Kd3 g5 27. f3 Kd6 28. b3 g4 29. fxg4 fxg4 30. Rf1 gxh3 31. Rxh3 Rxh3+ 32. gxh3 Ke7 33. Rf3 Rg8 34. h4 f5 35. Rh3 Kf6 36. Ke3 Rg1 37. Kf2 Rg4 38. Kf3 Re4 39. h5 Kg7 40. Rg3+ Kh7 41. h6 Kxh6 42. Rg8 f4 43. Ra8 Kg5 44. Rxa6 Re3+ 45. Kf2 Rxc3 46. Rxe6 Rxb3 47. Re5+ Kg4 48. a6 Rb2+ 49. Re2 Rb3 50. Ra2 Rh3 51. Kg1 Rh8 52. a7 Ra8 53. Kf2 b4 54. Ra4 b3 55. Ra3 b2 56. Rb3 Rxa7 57. Rxb2 Ra4 58. Rd2 Ra3 59. Re2 Rd3 60. Re8 Rd2+ 61. Ke1 Rxd4 62. Ke2 Re4+ 0-1

[Event "NOR-ch Various 2019"]
[Site "Larvik"]
[Date "2019.07.10"]
[Round "6.3"]
[White "Kristiansen, Oddvar"]
[Black "Kyrkjebo, Eirik"]
[Result "0-1"]
[ECO "C45"]
[WhiteElo "1479"]
[BlackElo "1598"]
[Annotator "NA"]
[PlyCount "46"]
[EventDate "2019.07.06"]
[EventType "swiss"]
[EventCountry "NOR"]
[SourceTitle "playchess.com"]
[Source "ChessBase"]
[SourceQuality "1"]
[TimeControl "40/5400+30:1800+30"]

1. e4 e5 2. Nf3 Nc6 3. d4 exd4 4. Nxd4 Qh4 5. Nxc6 Qxe4+ 6. Qe2 Qxe2+ 7. Bxe2 dxc6 8. O-O Bf5 9. Re1 O-O-O 10. Be3 Bxc2 11. Nc3 a6 12. Rac1 Bg6 13. a3 Nf6 14. Bf3 Bd6 15. Red1 Rhe8 16. Rd4 Be5 17. Rxd8+ Rxd8 18. h3 Nd5 19. Nxd5 cxd5 20. Rc5 c6 21. b4 f6 22. Be2 d4 23. Bd2 d3 0-1

[Event "NOR-ch Various 2019"]
[Site "Larvik"]
[Date "2019.07.10"]
[Round "6.4"]
[White "Teigen, Tore"]
[Black "Starli, Atle"]
[Result "1-0"]
[ECO "D94"]
[WhiteElo "1551"]
[BlackElo "1526"]
[Annotator "NA"]
[PlyCount "71"]
[EventDate "2019.07.06"]
[EventType "swiss"]
[EventCountry "NOR"]
[SourceTitle "playchess.com"]
[Source "ChessBase"]
[SourceQuality "1"]
[TimeControl "40/5400+30:1800+30"]

1. d4 d5 2. c4 c6 3. e3 Nf6 4. Nc3 g6 5. Nf3 Bg7 6. Bd3 O-O 7. O-O Bg4 8. h3 Bxf3 9. Qxf3 Re8 10. Rd1 e5 11. dxe5 Rxe5 12. Bf1 Rf5 13. Qe2 Qb6 14. Bd2 Nbd7 15. b3 Re8 16. Rac1 d4 17. Na4 Qc7 18. Qd3 Ne4 19. Be1 c5 20. f4 g5 21. g4 Rf6 22. Bg2 Rfe6 23. Rc2 gxf4 24. exf4 Qxf4 25. Re2 Ndf6 26. Bh4 Nh5 27. Rf1 Qe5 28. gxh5 Bh6 29. Rxe4 Qxh5 30. Qg3+ Kf8 31. Rxe6 Rxe6 32. Qg4 Qe5 33. Qf5 Be3+ 34. Kh1 Qg7 35. Nxc5 Rc6 36. Bxc6 1-0

[Event "NOR-ch Various 2019"]
[Site "Larvik"]
[Date "2019.07.10"]
[Round "6.5"]
[White "Hoem, Audun"]
[Black "Vigdal, Per Kr"]
[Result "1/2-1/2"]
[ECO "A36"]
[WhiteElo "1807"]
[BlackElo "1926"]
[Annotator "NA"]
[PlyCount "34"]
[EventDate "2019.07.06"]
[EventType "swiss"]
[EventCountry "NOR"]
[SourceTitle "playchess.com"]
[Source "ChessBase"]
[SourceQuality "1"]
[TimeControl "40/5400+30:1800+30"]

1. c4 Nf6 2. g3 c5 3. Bg2 Nc6 4. Nc3 d6 5. Rb1 e5 6. Nf3 Be7 7. a3 O-O 8. O-O Bf5 9. d3 h6 10. b4 Qd7 11. bxc5 dxc5 12. Nd5 Rab8 13. Bb2 Qd6 14. Re1 Rfe8 15. Bc3 Bd8 16. Ne3 Bh7 17. Qa4 Bb6 1/2-1/2

[Event "NOR-ch Various 2019"]
[Site "Larvik"]
[Date "2019.07.10"]
[Round "6.6"]
[White "Sorensen, Simen"]
[Black "Aasen, Kjetil Myrlid"]
[Result "1-0"]
[ECO "A73"]
[WhiteElo "1979"]
[BlackElo "1882"]
[Annotator "NA"]
[PlyCount "85"]
[EventDate "2019.07.06"]
[EventType "swiss"]
[EventCountry "NOR"]
[SourceTitle "playchess.com"]
[Source "ChessBase"]
[SourceQuality "1"]
[TimeControl "40/5400+30:1800+30"]

1. d4 Nf6 2. c4 c5 3. d5 e6 4. Nc3 exd5 5. cxd5 d6 6. e4 g6 7. Be2 Bg7 8. Nf3 Bg4 9. O-O Bxf3 10. Bxf3 O-O 11. Bf4 Ne8 12. Qc2 a6 13. a4 Nd7 14. Be2 Rb8 15. Bg3 Qe7 16. f4 Nc7 17. Rfd1 Bd4+ 18. Kh1 b5 19. axb5 axb5 20. Ra7 Rfc8 21. Bg4 h5 22. Bxd7 Qxd7 23. Ne2 Bg7 24. e5 Ra8 25. Rxa8 Nxa8 26. Nc3 h4 27. Bxh4 dxe5 28. fxe5 Bxe5 29. Ne4 f6 30. Nxf6+ Bxf6 31. Bxf6 Qf5 32. Qxf5 gxf5 33. d6 Nb6 34. d7 Nxd7 35. Rxd7 b4 36. h4 Rc6 37. Be7 b3 38. Rd5 Kf7 39. Rxc5 Re6 40. Bg5 Re2 41. h5 Rxb2 42. Rc7+ Kg8 43. h6 1-0

[Event "NOR-ch Various 2019"]
[Site "Larvik"]
[Date "2019.07.10"]
[Round "6.7"]
[White "Oldernes, Lars-Arne"]
[Black "Grondahl, David A"]
[Result "0-1"]
[ECO "E70"]
[WhiteElo "1684"]
[BlackElo "1730"]
[Annotator "NA"]
[PlyCount "74"]
[EventDate "2019.07.06"]
[EventType "swiss"]
[EventCountry "NOR"]
[SourceTitle "playchess.com"]
[Source "ChessBase"]
[SourceQuality "1"]
[TimeControl "40/5400+30:1800+30"]

1. d4 Nf6 2. c4 g6 3. Nc3 Bg7 4. e4 d6 5. Bg5 O-O 6. Qd2 c5 7. d5 e6 8. dxe6 Bxe6 9. O-O-O Nc6 10. Qxd6 Qa5 11. Qf4 Ng4 12. h3 Be5 13. Qd2 Nf6 14. Bxf6 Bxf6 15. Nd5 Qxd2+ 16. Rxd2 Bg7 17. f4 Rad8 18. Nf3 Nd4 19. Rd3 b5 20. Nxd4 Bxd4 21. b3 Kg7 22. cxb5 Bxd5 23. exd5 Rxd5 24. Kc2 Re8 25. g4 Rd6 26. Bg2 Rde6 27. Bc6 Re2+ 28. Rd2 R8e3 29. Rh2 Re1 30. Rd1 Rc3+ 31. Kd2 Ree3 32. Rdh1 c4 33. Bd5 Red3+ 34. Ke1 Rc1+ 35. Ke2 Rc2+ 36. Ke1 Bc3+ 37. Kf1 Rd1# 0-1

[Event "NOR-ch Various 2019"]
[Site "Larvik"]
[Date "2019.07.10"]
[Round "6.8"]
[White "Odegaard, Per Chr"]
[Black "Skrede, Per Arne"]
[Result "0-1"]
[ECO "C50"]
[WhiteElo "1754"]
[BlackElo "1696"]
[Annotator "NA"]
[PlyCount "94"]
[EventDate "2019.07.06"]
[EventType "swiss"]
[EventCountry "NOR"]
[SourceTitle "playchess.com"]
[Source "ChessBase"]
[SourceQuality "1"]
[TimeControl "40/5400+30:1800+30"]

1. e4 e5 2. Nf3 Nc6 3. Bc4 Nf6 4. d3 Bc5 5. O-O h6 6. a3 d6 7. h3 O-O 8. Nc3 a5 9. Na4 Ba7 10. Be3 Bd7 11. Bxa7 Nxa7 12. Nc3 b5 13. Ba2 Rb8 14. Qd2 c6 15. Ne2 Qc7 16. Ng3 d5 17. c3 Rbd8 18. Qe3 Rfe8 19. Nh4 Nc8 20. Nhf5 Ne7 21. Nxh6+ gxh6 22. Qxh6 Ng6 23. Nf5 Bxf5 24. exf5 Nf4 25. Qxf6 Rd6 26. Qg5+ Kh7 27. f6 Nxh3+ 28. gxh3 Rg8 29. Qxg8+ Kxg8 30. c4 Qd8 31. f4 Qxf6 32. fxe5 Qxe5 33. Rf2 Qe3 34. Raf1 Qxh3 35. Rg2+ Kf8 36. cxd5 cxd5 37. Bb1 Qe3+ 38. Rff2 Rh6 39. Bc2 Qc1+ 40. Rf1 Qxb2 41. Rf4 Qc1+ 42. Rf1 Qxa3 43. d4 Qe3+ 44. Rff2 Qxd4 45. Rg5 Rh2 46. Rgg2 Rxg2+ 47. Kxg2 a4 0-1

[Event "NOR-ch Various 2019"]
[Site "Larvik"]
[Date "2019.07.10"]
[Round "6.9"]
[White "Wullum, Robin"]
[Black "Hansen, Roy Drange"]
[Result "1-0"]
[ECO "B40"]
[WhiteElo "1452"]
[BlackElo "1515"]
[Annotator "NA"]
[PlyCount "83"]
[EventDate "2019.07.06"]
[EventType "swiss"]
[EventCountry "NOR"]
[SourceTitle "playchess.com"]
[Source "ChessBase"]
[SourceQuality "1"]
[TimeControl "40/5400+30:1800+30"]

1. e4 c5 2. Nf3 Nc6 3. Be2 e6 4. O-O Be7 5. Re1 d6 6. Bf1 Nf6 7. d3 O-O 8. Nbd2 a6 9. a4 b6 10. c3 Bb7 11. d4 d5 12. exd5 exd5 13. Nb3 c4 14. Nbd2 Qc7 15. g3 b5 16. Bg2 b4 17. Ne5 b3 18. Ndf3 Ne4 19. Nxc6 Bxc6 20. Ne5 Bb7 21. Qe2 Bd6 22. Bxe4 dxe4 23. Nxc4 Rae8 24. Be3 f5 25. Nxd6 Qxd6 26. Ra3 Re6 27. Rxb3 Ba8 28. Bf4 Qd5 29. Rb4 e3 30. f3 g5 31. Bxg5 f4 32. Qc4 Qxc4 33. Rxc4 fxg3 34. hxg3 Bxf3 35. Rxe3 Rg6 36. Rc5 Bd1 37. a5 Ba4 38. Bh4 Rg4 39. Rg5+ Rxg5 40. Bxg5 Bb5 41. Bf4 Kf7 42. b3 1-0

[Event "NOR-ch Various 2019"]
[Site "Larvik"]
[Date "2019.07.10"]
[Round "6.10"]
[White "Johansen, Aleksander"]
[Black "Roste, Stein"]
[Result "1-0"]
[ECO "D10"]
[WhiteElo "1518"]
[BlackElo "1321"]
[Annotator "NA"]
[PlyCount "69"]
[EventDate "2019.07.06"]
[EventType "swiss"]
[EventCountry "NOR"]
[SourceTitle "playchess.com"]
[Source "ChessBase"]
[SourceQuality "1"]
[TimeControl "40/5400+30:1800+30"]

1. d4 d5 2. c4 c6 3. cxd5 cxd5 4. Nc3 e6 5. Bf4 Bd6 6. Bg3 Nc6 7. e3 Nge7 8. Bd3 e5 9. dxe5 Bxe5 10. Nf3 Bxc3+ 11. bxc3 a6 12. a4 O-O 13. O-O Bg4 14. Bxh7+ Kh8 15. Bd3 Nf5 16. Be2 Nxg3 17. hxg3 Qa5 18. Qc2 g6 19. Rfd1 Rac8 20. Qb2 f6 21. Qxb7 Qxc3 22. Rac1 Qb4 23. Qxa6 Qb2 24. Qb5 Qxb5 25. Bxb5 Ne7 26. Rxc8 Rxc8 27. Rd2 Rc1+ 28. Kh2 Be6 29. Nd4 Bf7 30. g4 Kg7 31. a5 Nc8 32. Bc6 Rc5 33. Bb7 Na7 34. a6 Be8 35. Ne6+ 1-0

[Event "NOR-ch Various 2019"]
[Site "Larvik"]
[Date "2019.07.10"]
[Round "6.11"]
[White "Skaansar, Lasse"]
[Black "Nordlov, Jorgen"]
[Result "0-1"]
[ECO "A46"]
[WhiteElo "1394"]
[BlackElo "1263"]
[Annotator "NA"]
[PlyCount "64"]
[EventDate "2019.07.06"]
[EventType "swiss"]
[EventCountry "NOR"]
[SourceTitle "playchess.com"]
[Source "ChessBase"]
[SourceQuality "1"]
[TimeControl "40/5400+30:1800+30"]

1. Nf3 g6 2. d4 c5 3. c3 Nf6 4. Bd2 b5 5. Qc1 h6 6. h3 c4 7. a4 Qa5 8. Na3 a6 9. Qc2 Nc6 10. b3 cxb3 11. Qxb3 Ne4 12. Ne5 Nxe5 13. dxe5 Nxd2 14. Kxd2 bxa4 15. Qc4 Qxe5 16. Qxa4 Bg7 17. Nb5 axb5 18. Qxa8 Qxc3+ 19. Kd1 Qb3+ 20. Kd2 Bc3+ 21. Ke3 Bxa1+ 22. Kf4 Qc4+ 23. e4 Qc1+ 24. Kg3 Be5+ 25. Kf3 Qf4+ 26. Ke2 O-O 27. g3 Qc1 28. Bg2 Qc2+ 29. Ke3 d6 30. Qd5 b4 31. Rd1 Ba6 32. f4 Qe2# 0-1

[Event "NOR-ch Various 2019"]
[Site "Larvik"]
[Date "2019.07.10"]
[Round "6.12"]
[White "Ratama, Sofie Kristine"]
[Black "Tobiassen, Richard"]
[Result "1/2-1/2"]
[ECO "B13"]
[WhiteElo "1329"]
[BlackElo "1321"]
[Annotator "NA"]
[PlyCount "47"]
[EventDate "2019.07.06"]
[EventType "swiss"]
[EventCountry "NOR"]
[SourceTitle "playchess.com"]
[Source "ChessBase"]
[SourceQuality "1"]
[TimeControl "40/5400+30:1800+30"]

1. e4 c6 2. d4 d5 3. exd5 cxd5 4. Nc3 Nf6 5. h3 Nc6 6. Nf3 a6 7. a3 Bf5 8. Bd3 Bxd3 9. Qxd3 e6 10. Bf4 Bd6 11. Bxd6 Qxd6 12. O-O O-O 13. Rfe1 Rfe8 14. Ne5 Nd7 15. Nxd7 Qxd7 16. Rad1 Qd8 17. Na4 b5 18. Nc5 Qe7 19. b4 Nb8 20. Qg3 Nd7 21. Nxd7 Qxd7 22. Rd3 Rad8 23. Rde3 Qd6 24. Qxd6 1/2-1/2

[Event "NOR-ch Various 2019"]
[Site "Larvik"]
[Date "2019.07.10"]
[Round "6.14"]
[White "Dalbak, Tom H."]
[Black "Strand, Karl W."]
[Result "0-1"]
[ECO "D20"]
[WhiteElo "1184"]
[BlackElo "2054"]
[Annotator "NA"]
[PlyCount "108"]
[EventDate "2019.07.06"]
[EventType "swiss"]
[EventCountry "NOR"]
[SourceTitle "playchess.com"]
[Source "ChessBase"]
[SourceQuality "1"]
[TimeControl "40/5400+30:1800+30"]

1. d4 d5 2. c4 dxc4 3. e4 e5 4. d5 Nf6 5. Bg5 Be7 6. Nc3 Nxe4 7. Bxe7 Nxc3 8. Bxd8 Nxd1 9. Rxd1 Kxd8 10. Bxc4 Ke7 11. Ne2 Bg4 12. f3 Bf5 13. Ng3 Bg6 14. O-O f5 15. Rd2 Na6 16. Bxa6 bxa6 17. Rfd1 Rhd8 18. Ne2 Rd6 19. Nc3 Rad8 20. Na4 Bf7 21. Nc5 Rxd5 22. Rxd5 Rxd5 23. Rxd5 Bxd5 24. Nxa6 Kd6 25. a3 c5 26. b4 c4 27. Nc5 e4 28. Na4 Bc6 29. Nc3 e3 30. f4 a6 31. Kf1 Be4 32. Ke2 Bxg2 33. Kxe3 Bc6 34. Kd4 g5 35. fxg5 f4 36. Nd1 Bd5 37. h4 Bf3 38. Nf2 Be2 39. a4 Kc6 40. Kc3 Kd5 41. b5 axb5 42. axb5 Kc5 43. b6 Kxb6 44. Ne4 Bd3 45. Nf2 Kc5 46. Nxd3+ cxd3 47. Kxd3 Kd5 48. h5 Ke5 49. g6 hxg6 50. h6 Kf6 51. h7 Kg7 52. h8=Q+ Kxh8 53. Ke4 g5 54. Kf5 f3 0-1

[Event "NOR-ch Various 2019"]
[Site "Larvik"]
[Date "2019.07.10"]
[Round "6.15"]
[White "Sjol, Henrik"]
[Black "Fossan, Petter"]
[Result "0-1"]
[ECO "A47"]
[WhiteElo "1755"]
[BlackElo "2295"]
[Annotator "NA"]
[PlyCount "56"]
[EventDate "2019.07.06"]
[EventType "swiss"]
[EventCountry "NOR"]
[SourceTitle "playchess.com"]
[Source "ChessBase"]
[SourceQuality "1"]
[TimeControl "40/5400+30:1800+30"]

1. d4 Nf6 2. Bf4 c5 3. c3 e6 4. e3 b6 5. Nf3 Bb7 6. Nbd2 Be7 7. Be2 O-O 8. h3 d6 9. O-O Nbd7 10. Rc1 Re8 11. Re1 Bf8 12. Qc2 Rc8 13. Qb1 e5 14. dxe5 dxe5 15. Bg5 e4 16. Nh2 Ne5 17. Bxf6 Qxf6 18. Nxe4 Qc6 19. f3 c4 20. Rcd1 Qh6 21. Nf1 Bxe4 22. fxe4 Bc5 23. Qc1 Rc6 24. Rd5 Rg6 25. Kh2 Qh4 26. g3 Qxe4 27. Red1 Rf6 28. b4 Rf2+ 0-1